 Dungeon Crawl Stone Soup version 0.31-a0-188-g5e087ee2ca (webtiles) character file.

Game seed: 15731397374864659808

10 qw the Shooter (level 2, -1/16 HPs)
             Began as a Deep Elf Hunter on June 23, 2023.
             Frozen to death by an endoplasm (5 damage)
             ... on level 1 of the Dungeon.
             The game lasted 00:00:07 (191 turns).

qw the Shooter (Deep Elf Hunter)                     Turns: 191, Time: 00:00:08

Health: -1/16      AC:  7    Str:  8    XL:     2   Next: 10%
Magic:  4/4        EV: 12    Int: 13    God:
Gold:   43         SH:  0    Dex: 18    Spells: 1/1 levels left

rFire   . . .        a - +0 shortbow
rCold   . . .        (shield currently unavailable)
rNeg    . . .        c - +0 leather armour
rPois   .            (no helmet)
rElec   .            (no cloak)
rCorr   .            (no gloves)
SInv    .            (no boots)
Will    .....        (no amulet)
Stlth   ++           e - +4 ring of protection
HPRegen 0.22/turn    (no ring)
MPRegen 0.09/turn

%: no passive effects
@: no status effects
A: no striking features
a: no special abilities


You were on level 1 of the Dungeon.
You visited 1 branch of the dungeon, and saw 1 of its levels.

You collected 43 gold pieces.


   Skills:
 - Level 1.5 Fighting
 + Level 6.0 Ranged Weapons
 - Level 2.4 Dodging
 - Level 1.2 Stealth


You had one spell level left.
You didn't know any spells.
Your spell library was empty.

Inventory:

Hand Weapons
 a - a +0 shortbow (weapon)
Armour
 c - a +0 leather armour (worn)
Jewellery
 e - a +4 ring of protection (left hand)
Scrolls
 b - a scroll of butterflies
Potions
 d - a potion of curing {unknown}

Dungeon Overview and Level Annotations

Branches:
Dungeon (1/15)

Altars:


Message History

The plant is lightly damaged.
A nearby plant withers and dies.
The jackal barely misses you.
The quokka bites the bush but does no damage.
The jackal bites you but does no damage.
You shoot an arrow.
The arrow hits the jackal but does no damage.
The quokka bites the bush but does no damage.
The jackal bites you. The endoplasm freezes you.
You are frozen.
The quokka bites the bush.
You shoot an arrow. The arrow hits the jackal.
The jackal is severely wounded.
The jackal bites you but does no damage.
The jackal closely misses you.
The endoplasm hits you but does no damage.
The quokka bites the bush.
You shoot an arrow. The arrow barely misses the jackal.
The jackal closely misses you.
The quokka bites the bush but does no damage.
The endoplasm freezes you.
You are frozen.
You shoot an arrow. The arrow closely misses the jackal.
The jackal misses you.
The quokka bites the bush but does no damage.
The endoplasm freezes you.
You are frozen.
The jackal barely misses you.
You shoot an arrow. The arrow hits the jackal.
The jackal is almost dead.
The quokka bites the bush but does no damage.
The jackal bites you but does no damage.
The endoplasm barely misses you.
The quokka bites the bush.
The jackal barely misses you.
You shoot an arrow. The arrow barely misses the jackal.
The endoplasm freezes you.
You are frozen.
The jackal bites you.
The quokka bites the bush.
You shoot an arrow. The arrow hits the jackal!
You kill the jackal!
The endoplasm freezes you.
You are frozen.
You die...

.# ###.####..#
.####.### ...# ##.#
.(....... ..####
#.############
.###.#.####
##.............
.........
#####..############
.|.......
#.............
##.#.#...
#...P....PPP..
.....#)
#..777..P777P.
......# #.@7 7..P7
##.##.# #Jr7 7P..7
.##..... #.P.
.....P #.###.###
#........... ##.##
. #..P....P.PP
.##.# #..777P #.#.#
#..7 P. #.#)## #..7
.. #.#.\#


You could see an endoplasm and a quokka.

Vanquished Creatures
  An endoplasm (D:1)
  A giant cockroach (D:1)
  A goblin (D:1)
  4 jackals (D:1)
  A kobold (D:1)
  A bat (D:1)
9 creatures vanquished.

Notes
Turn   | Place    | Note
-------+----------+-------------------------------------------
     0 | D:1      | qw the Deep Elf Hunter began the quest for the Orb.
     0 | D:1      | Reached XP level 1. HP: 12/12 MP: 3/3
     0 | D:1      | 0 ||| qw: Version: 0.3-a-9-g12657ce
     0 | D:1      | 0 ||| qw: Game counter: 3849
     0 | D:1      | 0 ||| qw: Always use a shield: true
     0 | D:1      | 0 ||| qw: God list: Okawaru
     0 | D:1      | 0 ||| qw: Allow faded altars: false
     0 | D:1      | 0 ||| qw: Do Orc after D:15 true
     0 | D:1      | 0 ||| qw: Do second Lair branch before Depths: true
     0 | D:1      | 0 ||| qw: Lair rune preference: random
     0 | D:1      | 0 ||| qw: Plans: Normal
     0 | D:1      | 0 ||| PLANNING D:1-11
   165 | D:1      | 165 ||| UPGRADING to +4 ring of protection.
   175 | D:1      | Reached skill level 6 in Ranged Weapons
   175 | D:1      | Reached XP level 2. HP: 16/16 MP: 4/4
   190 | D:1      | HP: 4/16 [jackal (1)]
   191 | D:1      | Frozen to death by an endoplasm

Levels and vault maps discovered:
D:1:      nagdon_arrival_double_spiral, layout_loops_cross, kennysheep_boxes

Skill      XL: |  1 |
---------------+----+-----
Ranged Weapons | 6 |  6.0
Fighting       | |  1.5
Dodging        | |  2.4
Stealth        | |  1.2

Action                     || total
---------------------------++-------
   Fire: Shortbow          ||    31
 Armour: Leather armour    ||     7
  Dodge: Dodged            ||    17

Table legend:
 A = Non-vault XP
 B = Vault XP
 C = Vault XP percentage of total XP
 D = Non-vault monster count
 E = Vault monster count
 F = Vault count percentage of total count
                 A         B        C        D         E       F
            +---------+---------+-------+---------+---------+-------
      Total |      17 |       0 |   0.0 |       9 |       0 |   0.0
            +---------+---------+-------+---------+---------+-------
        D:1 |      17 |       0 |   0.0 |       9 |       0 |   0.0
            +---------+---------+-------+---------+---------+-------
